 Dungeon Crawl Stone Soup version 0.30.0-20-g3615ddf2f0 (webtiles) character file.

Game seed: 11824575234684446437

30 qw the Shield-Bearer (level 3, -9/23 HPs)
             Began as a Gargoyle Fighter on May 28, 2023.
             Mangled by a gnoll
             ... wielding a +0 halberd
              (11 damage)
             ... on level 2 of the Dungeon.
             The game lasted 00:00:28 (1197 turns).

qw the Shield-Bearer (Gargoyle Fighter)             Turns: 1197, Time: 00:00:29

Health: -9/23      AC: 11    Str: 21    XL:     3   Next: 20%
Magic:  3/3        EV:  9    Int:  8    God:
Gold:   29         SH:  4    Dex:  9    Spells: 2/2 levels left

rFire   + . .        Y - +1 war axe
rCold   . . .        c - +0 buckler
rNeg    + . .        b - +0 scale mail
rPois   inf          (no helmet)
rElec   +            e - +0 cloak
rCorr   .            (no gloves)
SInv    .            (no boots)
Will    .....        (no amulet) Stlth
                     k - ring of protection from fire
HPRegen 0.23/turn    (no ring)
MPRegen 0.08/turn

%: no passive effects
@: no status effects
A: sickness immunity, AC +3, negative energy resistance 1, electricity
resistance, torment resistance 1, petrification resistance
a: no special abilities


You were on level 2 of the Dungeon.
You visited 1 branch of the dungeon, and saw 2 of its levels.

You collected 29 gold pieces.


Innate Abilities, Weirdness & Mutations

You are immune to sickness and miasma.
Your stone body is resilient. (AC +3)
You are immune to poison.
You resist negative energy. (rN+)
You are resistant to electric shocks. (rElec)
You are resistant to unholy torment.
You are immune to petrification.


   Skills:
 - Level 3.2 Fighting
 + Level 3.2 Axes
 - Level 3.2 Armour
 - Level 3.2 Shields


You had 2 spell levels left.
You didn't know any spells.
Your spell library was empty.

Inventory:

Hand Weapons
 n - a +0 mace
 Y - a +1 war axe (weapon)
Armour
 b - a +0 scale mail (worn)
 c - a +0 buckler (worn)
 e - a +0 cloak (worn)
Jewellery
 k - a ring of protection from fire (left hand)
Potions
 d - a potion of might
 f - a potion of attraction
 i - a potion of berserk rage {unknown}
 j - a potion of curing {unknown}

Dungeon Overview and Level Annotations

Branches:
Dungeon (2/15)

Altars:


Message History

Found a book of Cantrips.
There is an open door here.
The gnoll hits you from afar with a +0 halberd.
The goblin closely misses you.
You slash the goblin!
You kill the goblin!
The gnoll barely misses you.
You barely miss the gnoll. You block the gnoll's attack.
The gnoll completely misses you.
You hit the gnoll.
The gnoll is lightly wounded.
The gnoll hits you but does no damage. You block the gnoll's attack.
The gnoll hits you with a +0 whip. The gnoll closely misses you.
You hit the gnoll.
The gnoll is moderately wounded.
The gnoll barely misses you. The gnoll hits you but does no damage.
You hit the gnoll but do no damage.
The gnoll is moderately wounded.
The gnoll closely misses you. The gnoll hits you but does no damage.
You hit the gnoll.
The gnoll is heavily wounded.
The gnoll hits you from afar with a +0 halberd.
The gnoll barely misses you.
The gnoll hits you from afar with a +0 halberd!
The gnoll barely misses you.
You slash the gnoll!
You kill the gnoll!
The gnoll misses you.
Your Axes skill increases to level 3!
You have reached level 3!
Your experience leads to an increase in your attributes!
Increase (S)trength, (I)ntelligence, or (D)exterity?
You feel stronger. x2
The gnoll hits you with a +0 halberd.
Items here: %% )).
You closely miss the gnoll. The gnoll closely misses you.
You hit the gnoll.
The gnoll is lightly wounded.
The gnoll hits you with a +0 halberd!
You die...

#.# #.# #.# ########
#.# #......# #.#
#......# #.# #......#
#.####......#
######....#....g.#####
#.......#.#.:.@.......
##.####.#.#......#####
#.# #.#.####'#......
#.####.#.# #.#.#####
#...<#.#.# #.# #
######.#.# #.# #.#.#
#.# #.#.####.#
#.#......#


You could see a gnoll.

Vanquished Creatures
  A gnoll (D:2)
  A bat (D:1)
  3 endoplasms (D:1)
  A giant cockroach (D:1)
  2 hobgoblins (D:1)
  3 kobolds (D:1)
  A ball python (D:1)
  4 goblins
  2 rats (D:1)
18 creatures vanquished.

Notes
Turn   | Place    | Note
-------+----------+-------------------------------------------
     0 | D:1      | qw the Gargoyle Fighter began the quest for the Orb.
     0 | D:1      | Reached XP level 1. HP: 14/14 MP: 1/1
     0 | D:1      | 0 ||| qw: Version: 0.2-a-100-g7972860
     0 | D:1      | 0 ||| qw: Game counter: 242
     0 | D:1      | 0 ||| qw: Always use a shield: true
     0 | D:1      | 0 ||| qw: God list: Okawaru
     0 | D:1      | 0 ||| qw: Allow faded altars: false
     0 | D:1      | 0 ||| qw: Do Orc after D:15 true
     0 | D:1      | 0 ||| qw: Do second Lair branch before Depths: true
     0 | D:1      | 0 ||| qw: Lair rune preference: random
     0 | D:1      | 0 ||| qw: Plans: Normal, Zot:1-4, Slime:5, God:TSO, Crypt,
                  | Tomb, Pan, Hells, Abyss, Win
     0 | D:1      | 0 ||| PLANNING D:1-11
   269 | D:1      | HP: 2/14 [frozen (4)]
   401 | D:1      | Reached XP level 2. HP: 19/19 MP: 2/2
   719 | D:1      | 719 ||| DROPPING +0 club.
  1108 | D:1      | 1108 ||| UPGRADING to +0 cloak.
  1113 | D:1      | 1113 ||| UPGRADING to ring of protection from fire.
  1114 | D:1      | 1114 ||| READING scroll labelled UNAFAY WAUXIWUETS.
  1115 | D:1      | 1115 ||| READING scroll labelled ANIATO FEROR TUGA.
  1116 | D:1      | 1116 ||| READING scroll labelled OSUFOFF EPNES.
  1117 | D:1      | 1117 ||| READING scroll labelled ZUITTURR WEHO.
  1118 | D:1      | 1118 ||| DRINKING 2 golden potions.
  1195 | D:2      | Reached skill level 3 in Axes
  1195 | D:2      | Reached XP level 3. HP: 7/23 MP: 3/3
  1195 | D:2      | HP: 1/23 [gnoll/+0 halberd (6)]
  1197 | D:2      | Mangled by a gnoll

Levels and vault maps discovered:
D:1:      wheals_arrival_shading, layout_basic, chequers_mini_garden,
          minivault_14
D:2:      layout_basic, serial_shops, shop, st_stairs_3, minmay_misc_feat_plants

Skill      XL: |  1  2 |
---------------+-------+-----
Axes           | 2 3 |  3.2
Fighting       | |  3.2
Armour         | |  3.2
Shields        | |  3.2

Action                     || total
---------------------------++-------
  Melee: War axe           ||    70
    Use: Scroll            ||     4
         Potion            ||     1
 Armour: Scale mail        ||    41
  Dodge: Dodged            ||    30
  Block: Buckler           ||     8

Table legend:
 A = Non-vault XP
 B = Vault XP
 C = Vault XP percentage of total XP
 D = Non-vault monster count
 E = Vault monster count
 F = Vault count percentage of total count
                 A         B        C        D         E       F
            +---------+---------+-------+---------+---------+-------
      Total |      44 |       0 |   0.0 |      18 |       0 |   0.0
            +---------+---------+-------+---------+---------+-------
        D:1 |      27 |       0 |   0.0 |      16 |       0 |   0.0
        D:2 |      17 |       0 |   0.0 |       2 |       0 |   0.0
            +---------+---------+-------+---------+---------+-------
